 Dungeon Crawl Stone Soup version 0.31.0-32-g396128a36d (webtiles) character file.

Game seed: 14435394053037516231

4 H0rd4k the Charlatan (level 1, -2/13 HPs)
             Began as an Octopode Artificer on Apr 3, 2024.
             Slain by a gnoll
             ... wielding a +0 flail
              (9 damage)
             ... on level 1 of the Dungeon.
             The game lasted 00:00:12 (70 turns).

H0rd4k the Charlatan (Octopode Artificer)             Turns: 70, Time: 00:00:12

Health: -2/13      AC:  1    Str: 11    XL:     1   Next: 70%
Magic:  1/1        EV: 13    Int: 13    God:
Gold:   17         SH:  0    Dex: 12    Spells: 0/0 levels left

rFire   . . .        (no weapon)
rCold   . . .        (no shield)
rNeg    . . .        (helmet restricted)
rPois   .            (no amulet)
rElec   .            (no ring)
rCorr   .            (no ring)
SInv    .            (no ring)
Will    .....        (no ring)
Stlth   +++          (no ring)
HPRegen 0.22/turn    (no ring)
MPRegen 0.07/turn    (no ring)
                     (no ring)

%: no passive effects
@: no status effects
A: almost no armour, amphibious, 8 rings, camouflage 1, gelatinous body 1,
(nimble swimmer 1), tentacles
a: no special abilities


You were on level 1 of the Dungeon.
You visited 1 branch of the dungeon, and saw 1 of its levels.

You collected 17 gold pieces.

Inventory:

Missiles
 e - 5 poisoned darts
Wands
 b - a wand of flame (15) (quivered)
 c - a wand of charming (15)
 d - a wand of iceblast (5)
Scrolls
 a - a scroll of poison {unknown}


   Skills:
 + Level 1.2 Fighting
 - Level 2.3 Dodging
 - Level 1.3 Stealth
 + Level 0.9 Unarmed Combat
 - Level 3.2 Evocations


You couldn't memorise any spells.
You didn't know any spells.
Your spell library was empty.

Dungeon Overview and Level Annotations

Branches:
Dungeon (1/15)

Altars:


Innate Abilities, Weirdness & Mutations

You cannot wear most types of armour.
You are amphibious.
You can wear up to eight rings at the same time.
Your skin changes colour to match your surroundings (Stealth+).
Your rubbery body absorbs attacks. (AC +1, EV +1)
((You are camouflaged when in or above water. (Stealth+)))
You have tentacles for arms and can constrict up to eight enemies at once.


Message History

A kobold comes into view. It is wielding a +0 dagger.
Found a mace.
The helpless ball python fails to defend itself.
You tentacle-slap the ball python. You grab the ball python.
The ball python is severely wounded.
You constrict the ball python.
You kill the ball python!
The kobold hits you with a +0 dagger.
You barely miss the kobold. You grab the kobold. You constrict the kobold.
The kobold barely misses you.
You tentacle-slap the kobold.
You kill the kobold!
No target in view!
HP restored.
You see here a ball python corpse.
A goblin comes into view. It is wielding a +0 dagger.
The goblin shouts!
You hear a shout!
A goblin is nearby!
A goblin is nearby!
A goblin is nearby!
The goblin hits you but does no damage.
You see here 10 gold pieces.
You tentacle-slap the goblin. You grab the goblin. You squeeze the goblin.
You kill the goblin!
You now have 17 gold pieces (gained 10).
A goblin comes into view. It is wielding a +0 dagger.
A goblin is nearby!
You see here a +0 dagger.
A goblin is nearby!
You tentacle-slap the goblin. You grab the goblin. You squeeze the goblin.
You kill the goblin!
A gnoll comes into view. It is wielding a +0 flail.
The gnoll hits you with a +0 flail.
You see here a +0 dagger.
You tentacle-slap the gnoll but do no damage.
You grab the gnoll. You squeeze the gnoll.
The gnoll is lightly wounded.
You constrict the gnoll. The gnoll hits you with a +0 flail!
Ouch! That really hurt!
You die...

....# #.# #..)# #
.##.. #...# .. ....
#...# ## ##.##.. #...#
#. .......#### #.).#
#.
........#####...#####.
#..#........†.......
#..@)...............
#.g#................
#..##.###.#...#.####
.......# #.#...#.#
##...#### #.#...#.#
#.## #.#...#.# ## #.
#.#...#.# #. #.
....### ##.
......####..


You could see a gnoll.

Vanquished Creatures
  A ball python (D:1)
  2 goblins (D:1)
  A kobold (D:1)
4 creatures vanquished.

Notes
Turn   | Place    | Note
-------+----------+-------------------------------------------
     0 | D:1      | H0rd4k the Octopode Artificer began the quest for the Orb.
     0 | D:1      | Reached XP level 1. HP: 13/13 MP: 1/1
    70 | D:1      | Slain by a gnoll

Illustrated notes

Levels and vault maps discovered:
D:1:      eino_arrival_water_star, layout_loops_cross

Action                     || total
---------------------------++-------
  Melee: Unarmed           ||     6
         Constrict         ||     5
         Tentacles         ||     3
   Stab: Sleeping          ||     1
 Armour: Skin              ||     4
  Dodge: Dodged            ||     1
